[Event "VII Totalizator Sportowy 2022"]
[Site "Bydgoszcz"]
[Date "2022.06.28"]
[Round "4.19"]
[White "Rog, Bartlomiej"]
[Black "Kujawski, Adam"]
[Result "1/2-1/2"]
[ECO "C55"]
[WhiteElo "2055"]
[BlackElo "2246"]
[Annotator "RC"]
[PlyCount "81"]
[EventDate "2022.06.25"]
[EventType "swiss"]
[EventCountry "POL"]
[SourceTitle "playchess.com"]
[Source "ChessBase"]
[SourceQuality "1"]
[TimeControl "40/5400+30:1800+30"]

1. e4 e5 2. Nf3 Nc6 3. Bc4 Nf6 4. d3 d5 5. exd5 Nxd5 6. O-O Nb6 7. Bb5 Bd6 8. Nxe5 Bxe5 9. Bxc6+ bxc6 10. Re1 Qe7 11. Kh1 O-O 12. f4 Qh4 13. Rxe5 f6 14. Qe1 Qg4 15. Re2 Bb7 16. Nc3 c5 17. Qg3 Qxg3 18. hxg3 Rfe8 19. Kg1 Rxe2 20. Nxe2 Re8 21. Nc3 Nd5 22. Nxd5 Bxd5 23. Kf2 c4 24. dxc4 Bxc4 25. Be3 a6 26. Rd1 Be6 27. Rd4 Kf7 28. Ra4 Ra8 29. b4 Bd5 30. Ra5 c6 31. a4 h5 32. Rc5 Rb8 33. c4 Be4 34. Bd2 g6 35. Ra5 Ra8 36. Bc3 Ke6 37. b5 cxb5 38. axb5 axb5 39. Rxb5 Rc8 40. Rb6+ Rc6 41. Bd4 1/2-1/2

[Event "VII Totalizator Sportowy 2022"]
[Site "Bydgoszcz"]
[Date "2022.06.28"]
[Round "4.20"]
[White "Syrkiewicz, Michal"]
[Black "Dzhuguryan, Tygran"]
[Result "1-0"]
[ECO "B10"]
[WhiteElo "2000"]
[BlackElo "2203"]
[Annotator "RC"]
[PlyCount "136"]
[EventDate "2022.06.25"]
[EventType "swiss"]
[EventCountry "POL"]
[SourceTitle "playchess.com"]
[Source "ChessBase"]
[SourceQuality "1"]
[TimeControl "40/5400+30:1800+30"]

1. e4 c6 2. c4 d5 3. exd5 cxd5 4. cxd5 Nf6 5. Nc3 g6 6. Bc4 Bg7 7. Nge2 O-O 8. O-O Na6 9. d3 Nc7 10. Qb3 b5 11. Bxb5 Rb8 12. Qc4 Nxb5 13. Nxb5 Ba6 14. Nec3 Qa5 15. a4 Rfc8 16. Qa2 Rb7 17. Be3 Ng4 18. d6 exd6 19. Bf4 Rd8 20. Bg5 Rdd7 21. Qc4 Nf6 22. Qh4 Ne8 23. Rae1 Rb8 24. Qg4 Bxb5 25. Nxb5 Rdb7 26. Rxe8+ Rxe8 27. Nxd6 Rb4 28. Qd7 Rf8 29. Be7 Qxa4 30. Qxa4 Rxa4 31. Bxf8 Kxf8 32. Nc4 Rb4 33. Ra1 Bd4 34. Kf1 Rb7 35. Ra2 h5 36. Ra1 Rb5 37. Ke2 Rf5 38. Ne3 Rb5 39. Nc4 Rf5 40. Rf1 Ke7 41. f4 Kd7 42. Kf3 Rb5 43. Ke4 Bh8 44. d4 Rb4 45. Kd3 Rb3+ 46. Kc2 Rb4 47. Kc3 Ra4 48. f5 Ke7 49. Kd3 Rb4 50. fxg6 fxg6 51. Re1+ Kf7 52. Ra1 Ke6 53. Rxa7 Rb8 54. Ra6+ Kf5 55. Nd6+ Kf4 56. Nf7 g5 57. Nxh8 Rxh8 58. Rf6+ Kg4 59. d5 h4 60. d6 h3 61. g3 Rb8 62. d7 Rd8 63. Rf7 Kh5 64. Kc4 Kg6 65. Re7 Kf6 66. Rh7 g4 67. Kd5 Kg6 68. Re7 Kf6 1-0

[Event "VII Totalizator Sportowy 2022"]
[Site "Bydgoszcz"]
[Date "2022.06.28"]
[Round "4.21"]
[White "Zebracki, Tomasz"]
[Black "Lambrecht, Tomasz"]
[Result "1-0"]
[ECO "D00"]
[WhiteElo "2200"]
[BlackElo "1956"]
[Annotator "RC"]
[PlyCount "94"]
[EventDate "2022.06.25"]
[EventType "swiss"]
[EventCountry "POL"]
[SourceTitle "playchess.com"]
[Source "ChessBase"]
[SourceQuality "1"]
[TimeControl "40/5400+30:1800+30"]

1. d4 d5 2. Bf4 c5 3. Nc3 Nf6 4. e3 cxd4 5. exd4 a6 6. Nf3 Nc6 7. Be2 Bg4 8. h3 Bxf3 9. Bxf3 e6 10. O-O Bd6 11. Ne2 Qc7 12. Bg5 O-O 13. Bxf6 gxf6 14. Qd2 Ne7 15. Rac1 Rac8 16. g3 Kg7 17. Bg2 b5 18. Kh1 Rg8 19. h4 Kh8 20. Ng1 Qc4 21. a3 Rc7 22. Nf3 Rgc8 23. Rfe1 Qa4 24. c3 Ng8 25. Bf1 a5 26. Ra1 Qb3 27. Re3 Bf8 28. c4 Qxe3 29. fxe3 bxc4 30. Qxa5 Rb7 31. Qd2 Rcb8 32. Ra2 f5 33. Ne5 Nf6 34. Bg2 Bd6 35. Nxc4 Bxg3 36. Ne5 Bxe5 37. dxe5 Ng4 38. b4 Nxe5 39. Rc2 f6 40. Qc1 Ra7 41. Rc8+ Rxc8 42. Qxc8+ Kg7 43. Qxe6 Rxa3 44. Qxf5 Rxe3 45. Bxd5 Re1+ 46. Kg2 Re2+ 47. Kf1 Ng6 1-0

[Event "VII Totalizator Sportowy 2022"]
[Site "Bydgoszcz"]
[Date "2022.06.28"]
[Round "4.22"]
[White "Sliwicki, Damian"]
[Black "Paprocki, Jaroslaw"]
[Result "0-1"]
[ECO "C42"]
[WhiteElo "2168"]
[BlackElo "2165"]
[Annotator "RC"]
[PlyCount "108"]
[EventDate "2022.06.25"]
[EventType "swiss"]
[EventCountry "POL"]
[SourceTitle "playchess.com"]
[Source "ChessBase"]
[SourceQuality "1"]
[TimeControl "40/5400+30:1800+30"]

1. e4 e5 2. Nf3 Nf6 3. Nxe5 d6 4. Nf3 Nxe4 5. Nc3 Nxc3 6. dxc3 Be7 7. Be3 O-O 8. Qd2 Nd7 9. O-O-O Nc5 10. Kb1 Qe8 11. Nd4 a6 12. Rg1 Ne4 13. Qc1 c5 14. Ne2 b5 15. g4 Bb7 16. Bg2 Rb8 17. Nf4 b4 18. c4 Nc3+ 19. bxc3 Bxg2 20. Rxg2 bxc3+ 21. Ka1 Rb2 22. Nd5 Bf6 23. g5 Be5 24. Qxb2 cxb2+ 25. Kb1 Qa4 26. Rg4 f5 27. gxf6 Bxf6 28. Bh6 Be5 29. Be3 Rf3 30. Rdg1 Kf7 31. h4 h5 32. Re4 g6 33. Re1 Qa5 34. Bf4 Qxe1+ 35. Rxe1 Bxf4 36. Re7+ Kf8 37. Re6 Be5 38. Rxg6 Rxf2 39. c3 Rh2 40. Rh6 Rxh4 41. Kxb2 Kg7 42. Re6 Rxc4 43. Kb3 Re4 44. Nc7 h4 45. Ne8+ Kf7 46. Nxd6+ Kxe6 47. Nxe4 Kf5 48. Nf2 Bg3 49. Nh1 Ke4 50. Kc4 Kf3 51. Kxc5 Kg2 52. Nxg3 hxg3 53. Kb6 Kf3 54. c4 g2 0-1

[Event "VII Totalizator Sportowy 2022"]
[Site "Bydgoszcz"]
[Date "2022.06.28"]
[Round "4.23"]
[White "Skurniak, Szymon"]
[Black "Hulka, Valentyn"]
[Result "1-0"]
[ECO "B21"]
[WhiteElo "1960"]
[BlackElo "2123"]
[Annotator "NA RC"]
[PlyCount "119"]
[EventDate "2022.06.25"]
[EventType "swiss"]
[EventCountry "POL"]
[SourceTitle "playchess.com"]
[Source "ChessBase"]
[SourceQuality "1"]
[TimeControl "40/5400+30:1800+30"]

1. e4 c5 2. f4 d5 3. exd5 Nf6 4. Nc3 Nxd5 5. Nf3 e6 6. Ne5 Nd7 7. Qf3 Nb4 8. Bd3 Nxe5 9. fxe5 Nxd3+ 10. cxd3 Qc7 11. O-O Qxe5 12. Qxf7+ Kd8 13. Ne4 Be7 14. Qf4 Qd4+ 15. Qe3 e5 16. Rb1 Be6 17. b3 Kd7 18. Bb2 Qxe3+ 19. dxe3 Bd6 20. d4 cxd4 21. exd4 exd4 22. Bxd4 Bd5 23. Nc3 Be6 24. Rbd1 Kc6 25. Bxg7 Rhg8 26. Ne4 Bd5 27. Nxd6 Rxg7 28. g3 Re7 29. Nf5 Re5 30. Nd4+ Kc5 31. Rf4 Rae8 32. Kf2 Re4 33. Rxe4 Rxe4 34. Ne2 Bc6 35. h4 a5 36. a3 Re7 37. Rc1+ Kb6 38. Nf4 Kb5 39. Rc3 Rd7 40. Ke2 Rd4 41. Nd3 Bd5 42. Nf4 Bc6 43. Rd3 Re4+ 44. Kd2 Kc5 45. Ne2 b5 46. Rc3+ Kd6 47. Re3 b4 48. axb4 axb4 49. Nf4 Ke5 50. Nd3+ Kd4 51. Nxb4 Rxe3 52. Nc2+ Ke4 53. Nxe3 Kf3 54. g4 Bb5 55. b4 Kg3 56. h5 Kf4 57. Kc3 Kxe3 58. g5 Bd3 59. b5 Be4 60. g6 1-0

[Event "VII Totalizator Sportowy 2022"]
[Site "Bydgoszcz"]
[Date "2022.06.28"]
[Round "4.24"]
[White "Kolodziejski, Piotr"]
[Black "Malczyk, Radoslaw"]
[Result "1/2-1/2"]
[ECO "B27"]
[WhiteElo "2107"]
[BlackElo "2067"]
[Annotator "NA RC"]
[PlyCount "148"]
[EventDate "2022.06.25"]
[EventType "swiss"]
[EventCountry "POL"]
[SourceTitle "playchess.com"]
[Source "ChessBase"]
[SourceQuality "1"]
[TimeControl "40/5400+30:1800+30"]

1. e4 c5 2. Nf3 g6 3. c4 Nc6 4. d4 cxd4 5. Nxd4 Nf6 6. Nc3 d6 7. Be2 Nxd4 8. Qxd4 Bg7 9. Be3 O-O 10. Qd2 a5 11. f3 a4 12. Rc1 Be6 13. Kf2 Nd7 14. Rhd1 f5 15. exf5 Bxf5 16. Kg1 Nf6 17. Nb5 Bd7 18. Qb4 Qa5 19. Qxa5 Rxa5 20. Bb6 Raa8 21. Nc3 Bh6 22. Rc2 Bf5 23. Bd3 Nd7 24. Bd4 Bxd3 25. Rxd3 Rfc8 26. Nd5 Kf7 27. Rdc3 e6 28. Nb4 Nb8 29. c5 d5 30. c6 Nxc6 31. Nxc6 Rxc6 32. Rxc6 bxc6 33. Rxc6 Bf4 34. g3 e5 35. Bf2 Bd2 36. Kf1 h5 37. Ke2 Ba5 38. Kd3 Bd8 39. Rd6 Rb8 40. Ba7 Ra8 41. Rxd5 Ke6 42. Ke4 Rxa7 43. Rxd8 Rb7 44. Rd2 g5 45. Ke3 Kf5 46. Kd3 g4 47. fxg4+ hxg4 48. Rf2+ Ke6 49. Kc4 Rb8 50. b4 axb3 51. axb3 Rc8+ 52. Kd3 Kd5 53. Ra2 Rc1 54. Ra5+ Ke6 55. b4 Rh1 56. Ra6+ Kd5 57. Ra5+ Ke6 58. Ra2 Rb1 59. Ra6+ Kd5 60. Ra5+ Ke6 61. b5 Rb2 62. Kc3 Rxh2 63. b6 Kd6 64. b7 Kc7 65. Rb5 Kb8 66. Rb3 Rf2 67. Rb5 Rf3+ 68. Kd2 Rxg3 69. Rxe5 Kxb7 70. Ke2 Kc6 71. Kf2 Rf3+ 72. Kg2 Kd6 73. Re4 Rf5 74. Rxg4 Ke6 1/2-1/2

[Event "VII Totalizator Sportowy 2022"]
[Site "Bydgoszcz"]
[Date "2022.06.28"]
[Round "4.25"]
[White "Zaninotto, Franco"]
[Black "Laux, Dominik"]
[Result "1/2-1/2"]
[ECO "B51"]
[WhiteElo "2069"]
[BlackElo "2263"]
[Annotator "TA"]
[PlyCount "82"]
[EventDate "2022.06.25"]
[EventType "swiss"]
[EventCountry "POL"]
[SourceTitle "playchess.com"]
[Source "ChessBase"]
[SourceQuality "1"]
[TimeControl "40/5400+30:1800+30"]

1. e4 c5 2. Nf3 d6 3. Bb5+ Nd7 4. Ba4 Ngf6 5. O-O e6 6. Re1 {[%emt 0:00:51] B51: Sicilian: Moscow Variation (3 Bb5+) without 3...Bd7.} Be7 7. c3 O-O 8. d4 {[%emt 0:00:19] [#]} h6 $146 (8... cxd4 $11 9. cxd4 a6) ({Predecessor:} 8... Qc7 9. e5 Nd5 10. Nbd2 cxd4 11. cxd4 dxe5 12. dxe5 Nc5 13. Bb5 Rd8 14. a3 a6 {0-1 (45) Kosteniuk,A (2510)-Tan,Z (2525) Chess.com INT 2022}) 9. e5 $16 Nh7 10. Bc2 Re8 11. Nbd2 cxd4 12. cxd4 dxe5 13. dxe5 Qc7 (13... b6 $14) 14. Nb3 b6 15. Bf4 Bb7 {[%emt 0:02:45] [#]} 16. Rc1 (16. Nfd4 $1 $16) 16... Qd8 $14 17. Qd3 Ndf8 18. Qe2 {[%emt 0:08:19] 0x0.0022fc473fc0dp-1022s more active pieces. The black rooks are badly placed.} Ng5 (18... Ng6 $14 19. Bxg6 fxg6) 19. Nbd4 ({Better is} 19. Nfd4 $16) 19... Bc5 20. Bxg5 hxg5 21. Be4 Bxe4 22. Qxe4 Qd5 23. Nb3 Qxe4 24. Rxe4 Be7 25. h3 Rac8 26. Rec4 $36 {[%emt 0:00:41][%mdl 2048] White fights for an advantage.} Rxc4 27. Rxc4 Rd8 28. Nbd4 Bc5 29. b4 Bxd4 30. Rxd4 Rxd4 31. Nxd4 $11 {[%emt 0:00:05][%mdl 4096] Endgame KN-KN} Nd7 (31... a6 $11) 32. Nc6 $16 a6 33. Kf1 f6 34. exf6 gxf6 {[%emt 0:00:04] The position is equal.} 35. Ke2 Kf7 36. Ke3 e5 37. Ke4 {[%emt 0:00:57] [#] Kd5 is the strong threat.} Ke6 38. Nd8+ Ke7 39. Nc6+ Kd6 40. Nd8 Ke7 41. Nc6+ Kd6 {[%emt 0:01:29] Weighted Error Value: White=0.15 (very precise) /Black=0.12 (very precise)} 1/2-1/2

[Event "VII Totalizator Sportowy 2022"]
[Site "Bydgoszcz"]
[Date "2022.06.29"]
[Round "5.1"]
[White "Jakubowski, Krzysztof"]
[Black "Heberla, Bartlomiej"]
[Result "1/2-1/2"]
[ECO "C47"]
[WhiteElo "2475"]
[BlackElo "2576"]
[Annotator "TA"]
[PlyCount "43"]
[EventDate "2022.06.25"]
[EventType "swiss"]
[EventCountry "POL"]
[SourceTitle "playchess.com"]
[Source "ChessBase"]
[SourceQuality "1"]
[TimeControl "40/5400+30:1800+30"]

1. e4 e5 2. Nf3 Nc6 3. Nc3 Nf6 4. d4 exd4 5. Nxd4 Bb4 6. Nxc6 bxc6 7. Bd3 O-O 8. O-O d5 {[%emt 0:01:20] The position is equal.} 9. exd5 {[%emt 0:00:16] C47: Scotch Four Knights and Four Knights with 4 g3.} Bg4 10. f3 Bh5 11. Bg5 cxd5 12. Bxf6 Qxf6 13. Nxd5 Bc5+ 14. Kh1 Qxb2 15. Nf4 {[%emt 0:04:06] [#] An interesting draw.  Weighted Error Value: White=0.00 (flawless) /Black=0.03 (flawless)} {Predecessor:} Bg6 $146 16. Nxg6 hxg6 17. Bxg6 Rad8 18. Bd3 Bd4 19. Rb1 Qxa2 20. f4 Rb8 21. Rb3 Rxb3 22. cxb3 {0-1 (35) Cerovic,Z (2035)-Pajkovic,V (2426) Podgorica 2019} 1/2-1/2

[Event "VII Totalizator Sportowy 2022"]
[Site "Bydgoszcz"]
[Date "2022.06.29"]
[Round "5.2"]
[White "Lewtak, Damian"]
[Black "Krasenkow, Michal"]
[Result "0-1"]
[ECO "A36"]
[WhiteElo "2384"]
[BlackElo "2576"]
[Annotator "TA"]
[PlyCount "111"]
[EventDate "2022.06.25"]
[EventType "swiss"]
[EventCountry "POL"]
[SourceTitle "playchess.com"]
[Source "ChessBase"]
[SourceQuality "1"]
[TimeControl "40/5400+30:1800+30"]

1. c4 c5 2. Nc3 Nc6 3. g3 g6 4. Bg2 Bg7 5. d3 e6 6. e4 Nge7 7. Nge2 O-O 8. O-O d6 9. Be3 {[%emt 0:02:39] 9.Rb1 injects fresh life into this line.} Nd4 10. Qd2 Rb8 11. Bh6 {[%emt 0:01:14] A36: Symmetrical English vs ...g6: 4 Bg2 Bg7.} Nxe2+ $5 {[%emt 0:02:13][%mdl 4] Exploring less charted territory.} 12. Nxe2 e5 {[%emt 0:00:02] [#]} 13. Nc3 $146 {[%emt 0:07:51] White has an edge.} ({Predecessor:} 13. Bxg7 Kxg7 14. h3 Be6 15. f4 f6 16. g4 Nc6 17. f5 Bd7 18. Rfb1 Qa5 19. Rd1 {½-½ (59) Olszewski,J (1895)-Cylwik,Z (1979) Bialystok 2010}) 13... Nc6 14. Rab1 a6 15. a3 b5 16. cxb5 axb5 17. b4 cxb4 18. axb4 Nd4 19. Bg5 Qd7 (19... Bf6 $5 20. Be3 Be6 $11) 20. Be3 Bb7 21. Nd5 Bxd5 22. exd5 Rfc8 23. Bxd4 exd4 24. Ra1 Rc3 25. Ra6 h5 26. Rfa1 h4 27. gxh4 Qf5 28. Be4 (28. Rxd6 $11 Rxd3 29. Qg5) 28... Qg4+ $15 29. Kf1 ({White should try} 29. Bg2 $15) 29... Qxh4 $19 30. Rxd6 Bf8 ({And not} 30... Qxh2 31. Rda6 $15) (30... Re8 $1 $17 31. Rc6 Rxe4 32. dxe4 Qxe4) 31. Rc6 Bxb4 {[%emt 0:00:50] White must now prevent ...Rxc6.} 32. Qb2 {[%emt 0:02:27] [#]} (32. Qe2 $17 {might work better.}) 32... Rxc6 (32... Qh3+ $1 $19 {and Black stays clearly on top.} 33. Kg1 Rxc6 34. dxc6 Bc3) 33. dxc6 $17 Bc3 34. c7 $1 Qh3+ (34... Bxb2 $2 35. cxb8=Q+ Kg7 36. Ra8 Qh3+ 37. Ke2 Qg4+ 38. Bf3 Qe6+ 39. Kf1 $18) ({But not} 34... Rc8 35. Qxb5 Bxa1 36. Qd7 Rxc7 37. Qxc7 $11) 35. Bg2 {[%emt 0:01:04] White is on the road to losing.} (35. Kg1 $15 Qg4+ 36. Kf1) 35... Qxd3+ (35... Bxb2 36. cxb8=Q+ Kg7 37. Bxh3 Bxa1 38. Qe5+ Kh7 39. Bd7 Bc3 40. Qf6) 36. Qe2 Qxe2+ 37. Kxe2 {[%emt 0:00:03][%mdl 4096] Endgame KRB-KRB} Re8+ 38. Kd3 {[%emt 0:00:04] White threatens Ra8 and mate.} Bxa1 39. Bb7 {[%emt 0:00:05] Prevents Rc8.} b4 40. Kc4 d3 {[%emt 0:00:00] ...d2 is the strong threat.} 41. Kxd3 (41. c8=R $17 Rxc8+ 42. Bxc8) 41... Be5 $19 42. c8=Q Rxc8 43. Bxc8 Bxh2 {[%emt 0:00:06] And now ...Kh7 would win. KB-KB} 44. Ba6 Kg7 45. Bc4 $2 (45. Kc4) 45... f5 {[%emt 0:00:21] aiming for ...Bd6.} 46. Kd4 Bf4 (46... g5 $142 47. f3 Bf4) 47. Bb3 {[%emt 0:01:13] [#]} (47. f3 $142 Kf6 48. Bb3) 47... g5 $1 {[%emt 0:00:58][%cal Bg6g5,Bg5g4][%mdl 32] Hoping for ...g4.} 48. Be6 Kf6 {[%emt 0:00:08] Black mates.} 49. Bc8 g4 50. Kc4 Bd2 51. Bd7 Ke5 52. Bc8 Kf4 53. Be6 Be1 54. Bd7 Kg5 55. Be6 f4 56. Kd4 {Weighted Error Value: White=0.81/Black=0.29 (precise)} 0-1

[Event "VII Totalizator Sportowy 2022"]
[Site "Bydgoszcz"]
[Date "2022.06.29"]
[Round "5.3"]
[White "Sieciechowicz, Marcin"]
[Black "Licznerski, Lukasz"]
[Result "1/2-1/2"]
[ECO "D17"]
[WhiteElo "2388"]
[BlackElo "2439"]
[Annotator "TA"]
[PlyCount "78"]
[EventDate "2022.06.25"]
[EventType "swiss"]
[EventCountry "POL"]
[SourceTitle "playchess.com"]
[Source "ChessBase"]
[SourceQuality "1"]
[TimeControl "40/5400+30:1800+30"]

1. d4 d5 2. c4 c6 3. Nf3 Nf6 4. Nc3 dxc4 5. a4 Bf5 6. Ne5 Nbd7 7. Nxc4 Qc7 8. g3 e5 9. dxe5 Nxe5 10. Bf4 Nfd7 11. Bg2 g5 $1 {[%emt 0:01:09] 11...g5 is better than 11...f6. D17: Slav Defence: 5 a4 Bf5: Lines with 6 Nh4 and 6 Ne5.} 12. Ne3 gxf4 13. Nxf5 O-O-O {[%emt 0:01:07] White is slightly better.} ({Weaker is} 13... Qb6 14. gxf4 Ng6 15. e3 $16) 14. O-O fxg3 15. hxg3 h5 16. Rc1 {[%emt 0:07:20][%cal Oc3d5] And now Nd5! would win.} Nc5 17. Qc2 {[%emt 0:08:47] Hoping for b4.} a5 18. Rfd1 Rxd1+ 19. Rxd1 Ne6 20. Ne4 Kb8 21. e3 Bb4 {[%emt 0:00:55] [#]} 22. Qe2 $146 ({Predecessor:} 22. b3 Ng6 23. Qb2 Rd8 24. Qa1 Ka7 25. Bf3 Rxd1+ 26. Bxd1 Qd8 27. Qb1 {½-½ (42) Najer,E (2658)-Mamedov,R (2657) Baku 2015}) 22... Ng6 23. Nf6 Nc5 {[%emt 0:00:16] Inhibits Rd7. Threatens to win with ...Qe5.} 24. Nxh5 Qe5 25. g4 Nxa4 26. Rd4 Nc5 27. Qc2 {[%emt 0:03:26] Black must now prevent f4.} Rc8 $2 (27... Ne6 $11 {and Black stays safe.} 28. Rd1 Qc5) 28. f4 $18 Qh8 {[%emt 0:00:02] [#]} 29. Rxb4 $1 axb4 30. Qxc5 Qxb2 31. Qd6+ Ka8 {[%emt 0:03:56] [#]} 32. Qd7 $1 Rb8 33. Nd4 $2 {[%emt 0:02:55] Dancing on a razor blade. Pair of Knights!} (33. Qxf7 $18 Rd8 34. Nhg3 (34. Qxg6 Rd2 $11)) 33... Nh4 {[%emt 0:01:24][%csl Gh4][%cal Rb2g2] [#] The position is equal.} 34. Bxc6 {[%emt 0:03:55] Active counter play!} bxc6 ({Don't do} 34... Qc1+ 35. Kf2 bxc6 36. Ng3 $14) 35. Qxc6+ Rb7 36. Qa4+ Kb8 37. Qe8+ Ka7 38. Qa4+ Kb8 39. Qe8+ Ka7 {White really could win this.  Weighted Error Value: White=0.11 (very precise) /Black=0.19 (very precise)} 1/2-1/2

[Event "VII Totalizator Sportowy 2022"]
[Site "Bydgoszcz"]
[Date "2022.06.29"]
[Round "5.4"]
[White "Kucza, Karol"]
[Black "Maksimenko, Andrei"]
[Result "1/2-1/2"]
[ECO "C42"]
[WhiteElo "2305"]
[BlackElo "2434"]
[Annotator "TA"]
[PlyCount "81"]
[EventDate "2022.06.25"]
[EventType "swiss"]
[EventCountry "POL"]
[SourceTitle "playchess.com"]
[Source "ChessBase"]
[SourceQuality "1"]
[TimeControl "40/5400+30:1800+30"]

1. e4 e5 2. Nf3 Nf6 3. Nxe5 d6 4. Nf3 Nxe4 5. Nc3 Nxc3 6. dxc3 Be7 7. Be3 Nc6 8. Qd2 Be6 9. O-O-O {[%emt 0:00:20] C42: Petroff Defence: 3 Nxe5 and unusual White 3rd moves.} Qd7 (9... Bxa2 $2 10. b3 $18) 10. Kb1 O-O 11. h3 {[%emt 0:04:57] [#] White is slightly better.} Rfe8 $146 ({Predecessor:} 11... Rab8 12. Bd3 b5 13. h4 Bf5 14. Nd4 Nxd4 15. Bxd4 c5 16. Bxf5 Qxf5 17. Be3 Rfe8 {½-½ (31) Mosconi,T (2453)-Lins,T (2440) ICCF email 2017}) 12. g4 Rad8 13. Bg2 Qc8 14. Ng5 Bxg5 15. Bxg5 f6 16. Be3 a5 17. f4 Bf7 {[%emt 0:13:46] [#] Strongly threatening ...Qe6.} 18. Rhe1 Re7 19. Bf2 Rxe1 20. Rxe1 Re8 21. b3 (21. Be4 {seems wilder.} a4 22. b3 Bg6 23. Bf3) 21... Rxe1+ 22. Qxe1 Qd7 23. c4 a4 24. Kb2 axb3 25. cxb3 h5 26. Qd1 hxg4 27. hxg4 Nd8 28. Bd4 d5 29. cxd5 (29. Bc3 {is more complex.} c6 30. g5 Ne6 31. gxf6 Nxf4 32. Be4) 29... c6 $1 30. dxc6 $1 Nxc6 31. Bxc6 Qxc6 $14 {[%emt 0:00:35][%mdl 4096] Endgame KQB-KQB} 32. Qd2 {[%emt 0:03:45] Against Qg2} Qf3 33. g5 fxg5 34. fxg5 Bd5 35. Ka3 (35. Qe3 $16) 35... Kf7 (35... Qf8+ $11 36. Kb2 Qf3) 36. Qa5 {[%emt 0:03:09] aiming for Qc7+.} Kg6 37. Qd8 Qf5 38. Qe7 Qxg5 39. Qxg7+ Kh5 40. Qh7+ Kg4 41. Qg7 {[%emt 0:09:56] Weighted Error Value: White=0.09 (flawless) /Black=0.08 (flawless)} (41. Qc2 $16) 1/2-1/2

[Event "VII Totalizator Sportowy 2022"]
[Site "Bydgoszcz"]
[Date "2022.06.29"]
[Round "5.5"]
[White "Tomczak, Jacek"]
[Black "Prokofiev, Valentyn"]
[Result "1-0"]
[ECO "B42"]
[WhiteElo "2584"]
[BlackElo "2362"]
[Annotator "TA"]
[PlyCount "80"]
[EventDate "2022.06.25"]
[EventType "swiss"]
[EventCountry "POL"]
[SourceTitle "playchess.com"]
[Source "ChessBase"]
[SourceQuality "1"]
[TimeControl "40/5400+30:1800+30"]

1. e4 c5 2. Nf3 e6 3. d4 cxd4 4. Nxd4 a6 5. Bd3 Bc5 6. Nb3 Ba7 7. Qg4 Nf6 8. Qg3 {[%emt 0:00:09] Strongly threatening e5.} d6 {[%emt 0:00:44] B42: Sicilian: Kan Variation: 5 Bd3.} 9. Nc3 (9. Qxg7 Rg8 10. Qh6 Bxf2+ $1 11. Kd1 Rxg2 $17) 9... Nc6 10. Bg5 (10. Qxg7 Rg8 11. Qh6 Bxf2+ $1 12. Kd1 Rg6 $17) 10... h6 {[%emt 0:00:08] The position is equal.} 11. Bd2 Nh5 12. Qf3 Nf6 13. Be2 $5 {[%emt 0:09:00][%mdl 4] Leaves trodden paths.} Ne5 14. Qg3 b5 15. f4 (15. Qxg7 $2 Bxf2+ $1 16. Kxf2 Rg8 17. Qxg8+ Nxg8 $19) 15... b4 {[%emt 0:02:05] This move loses the game for Black.} ({Black should try} 15... Ng6 $14 16. Bf3 Rb8) 16. fxe5 $18 bxc3 {[%emt 0:00:09] [#]} 17. Bxc3 $146 (17. exf6 $6 cxd2+ 18. Nxd2 (18. Kxd2 Qxf6 19. Raf1 Qg5+ 20. Qxg5 hxg5 $15) 18... Qxf6 $11) ({Predecessor:} 17. Qxc3 Bf2+ 18. Kf1 dxe5 19. Qxe5 Ba7 20. Bb4 Qb6 21. Bc5 Qc6 22. Rd1 Bxc5 23. Qxc5 Bb7 24. Qxc6+ Bxc6 25. Nc5 {1-0 (53) Fier,A (2572)-Leitao,R (2626) Americana 2010}) 17... dxe5 18. Rf1 (18. Qxg7 $6 Bf2+ 19. Kxf2 Rh7 $16) (18. Qxe5 $6 Bb7 $14) 18... O-O 19. Bxe5 Ne8 20. Bc3 Bb7 21. Bd3 $36 {[%emt 0:12:42][%mdl 2048] White is on the roll. 0x0.002229d0e724dp-1022s more active pieces. The black rooks are badly placed.} Bb8 (21... Rc8 $16 22. O-O-O Qe7) 22. e5 a5 23. a4 Bd5 24. O-O-O Qc8 (24... Qg5+ {keeps fighting.} 25. Qxg5 hxg5) 25. Kb1 (25. Nxa5 Bc7) 25... Bc7 26. Bd2 {[%emt 0:02:13] And now Bxh6 would win.} Qb8 27. Rde1 f6 28. c4 Bxe5 (28... Qxb3 $2 {[#]} 29. Bh7+ $1 Kxh7 30. Qxb3 $18) 29. Rxe5 fxe5 30. cxd5 {[%emt 0:03:28] The board is on fire.} ({And not} 30. Bh7+ Kxh7 31. Rxf8 Be4+ 32. Ka1 Qc7 $17) 30... Rxf1+ 31. Bxf1 {[%emt 0:00:02] This bishop pair is nice.} exd5 32. Bb5 ({Not} 32. Nxa5 Nf6 33. Bb5 Ne4 $18) ({Weaker is} 32. Bxa5 Nd6 $16) 32... Nf6 33. Nxa5 Qd6 (33... Ne4 {was worth a try.} 34. Qd3 Nxd2+ 35. Qxd2 Qd6) 34. Nc6 Ne4 35. Bb4 Qxb4 36. Nxb4 Nxg3 37. hxg3 d4 38. Nc6 Kf7 39. Nxe5+ Ke6 40. Nf3 Kd5 {Weighted Error Value: White=0.06 (flawless) /Black=0.29 (precise)} 1-0